 Dungeon Crawl Stone Soup version 0.28-a0-1233-g92def6ad0a (webtiles) character file.

Game seed: 3277998488222392402

186667 Johann the Slayer (level 18, -4/182 HPs)
             Began as a Hill Orc Fighter on Dec 20, 2021.
             Was a High Priest of Beogh.
             Killed from afar by a nagaraja (8 damage)
             ... with a poison arrow
             ... on level 4 of the Snake Pit on Dec 23, 2021.
             The game lasted 06:28:13 (62824 turns).

Johann the Slayer (Hill Orc Fighter)               Turns: 62824, Time: 06:28:22

Health: -4/182     AC: 35    Str: 33    XL:     18   Next: 5%
Magic:  24/24      EV:  9    Int:  8    God:    Beogh [*****.]
Gold:   4109       SH: 21    Dex: 10    Spells: 17/17 levels left

rFire   + + +      SeeInvis .   k - +7 broad axe (flame)
rCold   + . .      Faith    .   c - +2 kite shield
rNeg    + . .      Spirit   .   p - +6 plate armour {rF+}
rPois   +          Reflect  +   I - +2 helmet
rElec   .          Harm     .   j - scarf {rC+ rF+}
rCorr   .          Rampage  .   X - +2 pair of gloves "Enorreni" {rN+}
Will    +....      NoTele   +   D - +2 pair of boots
Stlth   ..........              R - amulet of reflection
HPRegen 0.40/turn               l - ring of protection from fire
MPRegen 0.19/turn               A - +6 ring of strength

@: lethally poisoned (-4 -> -14), untranslocatable, constricted, studying 2
skills
A: walk on water, poison resistance
}: 1/15 runes: decaying
a: Renounce Religion, Smiting, Recall Orcish Followers, Give Item to Named
Follower


You were on level 4 of the Snake Pit.
You worshipped Beogh.
Beogh was extremely pleased with you.
You visited 6 branches of the dungeon, and saw 32 of its levels.
You also visited: Ossuary, Bailey and Volcano.

You collected 4229 gold pieces.
You spent 120 gold pieces at shops.

Inventory:

Hand Weapons
 b - the +4 falchion of Rubbish {drain, rF+}
   (You found it on level 12 of the Dungeon)

   A truly terrible weapon, it drains the life of any living foe it strikes.
   rF:        It protects you from fire.
 k - a +7 broad axe of flaming (weapon)
 r - a +1 broad axe of flaming
 u - the +8 whip of Rotation {spect, rElec Will+ Int+2 Dex-4}
   (You found it on level 4 of the Dungeon)

   When its wielder attacks, the weapon's spirit leaps out and strikes again.
   The spirit shares a part of any damage it takes with its wielder.
   Int:       It affects your intelligence (+2).
   Dex:       It affects your dexterity (-4).
   rElec:     It insulates you from electricity.
   Will:      It increases your willpower.
 y - the +7 trident of the Teeth {vorpal, Dex+4}
   (You found it on level 6 of the Lair of Beasts)

   It inflicts extra damage upon your enemies.
   Dex:       It affects your dexterity (+4).
 G - the +14 obsidian axe {vorpal, Mesm Drain Fly SInv}
   (You found it on level 5 of the Lair of Beasts)

   It inflicts extra damage upon your enemies.
   It occasionally summons demons to assist the wielder when it strikes in
   combat.
   Its wielder is mesmerised by any visible foes.
   It cannot be unequipped while any foes are visible.
   SInv:      It lets you see invisible.
   Fly:       It grants you flight.
   Drain:     It drains your maximum health when unequipped.
Missiles
 o - a throwing net
Armour
 c - a +2 kite shield (worn)
 j - a scarf of resistance (worn)
 p - a +6 plate armour of fire resistance (worn)
 D - a +2 pair of boots (worn)
 I - a +2 helmet (worn)
 N - a +3 tower shield of resistance
 X - the +2 pair of gloves "Enorreni" (worn) {rN+}
   (You found it on level 3 of the Snake Pit)

   rN:        It protects you from negative energy.
Jewellery
 i - a +4 ring of slaying
 l - a ring of protection from fire (left hand)
 m - a +6 ring of dexterity
 s - a ring of positive energy
 A - a +6 ring of strength (right hand)
 O - a +4 ring of protection
 R - an amulet of reflection (around neck)
 V - a +4 ring of evasion
Wands
 g - a wand of polymorph (8)
 z - a wand of charming (7)
 B - a wand of flame (60)
 E - a wand of acid (13)
 L - a wand of digging (7)
 M - a wand of mindburst (20)
 Q - a wand of iceblast (11)
 Y - a wand of paralysis (14) (quivered)
Scrolls
 h - 4 scrolls of fear
 t - 3 scrolls of magic mapping {brand weapon}
 x - 8 scrolls of teleportation {fear}
 F - 2 scrolls of holy word {aquirement}
 J - 2 scrolls of summoning {silence}
 P - 8 scrolls of fog {fear}
 Z - 4 scrolls of brand weapon {blinking}
Potions
 d - 2 potions of mutation {invisibility}
 f - 2 potions of brilliance {magic}
 n - a potion of invisibility {mutation}
 q - 2 potions of ambrosia {mutation}
 v - a potion of resistance {lignification}
 w - 4 potions of haste
 C - 5 potions of lignification {flight}
 K - 2 potions of flight {magic}
 S - 5 potions of magic {brilliance}
 U - 2 potions of cancellation
Miscellaneous
 a - a condenser vane
 H - a piece from Xom's chessboard (15/15)
 T - a phial of floods


   Skills:
 * Level 21.0 Fighting
 - Level 1.4 Long Blades
 + Level 19.3 Axes
 - Level 18.0 Armour
 * Level 10.0 Dodging
 * Level 19.4 Shields
 - Level 9.0 Invocations


You had 17 spell levels left.
You didn't know any spells.
Your spell library contained the following spells:

 Spells                   Type           Power      Damage    Failure   Level
 Animate Skeleton         Necr           0%         N/A       87%         1
 Apportation              Tloc           0%         N/A       87%         1
 Beastly Appendage        Tmut           0%         N/A       87%         1
 Freeze                   Ice            0%         1d3       87%         1
 Pain                     Necr           0%         1d4       87%         1
 Slow                     Hex            0%         N/A       87%         1
 Summon Small Mammal      Summ           0%         N/A       87%         1
 Static Discharge         Conj/Air       0%         N/A       95%         2
 Sublimation of Blood     Necr           0%         N/A       95%         2
 Wereblood                Tmut           0%         N/A       95%         2
 Confusing Touch          Hex            0%         N/A       99%         3
 Dazzling Flash           Conj/Hex       0%         N/A       99%         3
 Frozen Ramparts          Ice            0%         1d2       99%         3
 Inner Flame              Hex/Fire       0%         N/A       99%         3
 Spider Form              Tmut/Pois      0%         N/A       99%         3
 Vampiric Draining        Necr           0%         2d6       99%         3
 Animate Dead             Necr           0%         N/A       100%        4
 Hailstorm                Conj/Ice       0%         3d3       100%        4
 Leda's Liquefaction      Hex/Erth       0%         N/A       100%        4
 Petrify                  Tmut/Erth      0%         N/A       100%        4
 Summon Lightning Spire   Summ/Air       0%         N/A       100%        4
 Agony                    Necr           0%         N/A       100%        5
 Borgnjor's Vile Clutch   Necr/Erth      0%         N/A       100%        5
 Excruciating Wounds      Necr           0%         N/A       100%        5
 Freezing Cloud           Conj/Ice/Air   0%         6-21      100%        5
 Lightning Bolt           Conj/Air       0%         1d11      100%        5
 Silence                  Hex/Air        0%         N/A       100%        5
 Death Channel            Necr           0%         N/A       100%        6
 Simulacrum               Ice/Necr       0%         N/A       100%        6
 Statue Form              Tmut/Erth      0%         N/A       100%        6
 Summon Hydra             Summ           0%         N/A       100%        7
 Maxwell's Capacitive Co  Air            0%         ∞         100%        8
 Dragon's Call            Summ           0%         N/A       100%        9
 Polar Vortex             Ice            0%         N/A       100%        9


Dungeon Overview and Level Annotations

Branches:
Dungeon (15/15)            Temple (1/1) D:6            Lair (6/6) D:10
  Swamp (4/4) Lair:4        Snake (4/4) Lair:2        Slime (0/5) Lair:6
    Orc (2/2) D:12            Elf (0/3) Orc:2        Vaults (0/5) D:13
 Depths (0/4) D:15        Ossuary (visited)          Bailey (visited)
Volcano (visited)

Altars:
Ashenzari
Cheibriados
Dithmenos
Elyvilon
Fedhas
Gozag
Hepliaklqana
Kikubaaqudgha
Makhleb
Nemelex Xobeh
Okawaru
Qazlal
Ru
Sif Muna
Trog
Uskayaw
Vehumet
Wu Jian
Xom
Yredelemnul
Zin
The Shining One
Beogh
Jiyva

Shops:
D:2 =   D:8 *   D:11 (   Orc:2 ([((

Annotations:
D:6 3 runed translucent doors, Heedrag's ghost, novice MiFi
D:9 3 runed translucent doors, Ma1vorus's ghost, novice MiBe
Lair:6 4 runed translucent doors, Vetuhose's ghost, journeyman MiFi
Swamp:3 1 runed translucent door, FDRCH's ghost, adept DECj


Innate Abilities, Weirdness & Mutations

You can walk on water.
Your system is resistant to poisons. (rPois)


Message History

The naga warrior hits you but does no damage.
The naga warrior barely misses you. The naga warrior constricts you.
You slice the naga warrior!! You burn the naga warrior.
The naga warrior is severely wounded.
You feel sick.
The nagaraja gestures at you while chanting.
The poison arrow reflects off an invisible shield around you!
The poison arrow misses the nagaraja.
You block the naga warrior's attack.
Morun roars a battlecry!
Bolgrim goes into a battle-frenzy!
Borgk roars a battlecry!
Morun goes into a battle-frenzy!
You slash the naga warrior! You burn the naga warrior.
The naga warrior is almost dead.
The nagaraja hits you from afar with a +0 spear.
* * * LOW HITPOINT WARNING * * *
The naga warrior hits you with a +0 dire flail!
* * * LOW HITPOINT WARNING * * *
The naga warrior constricts you.
* * * LOW HITPOINT WARNING * * *
The naga mage gestures at the naga warrior while chanting.
The naga warrior seems to grow toxic.
You feel better.
Borgk no longer looks unusually strong.
Borgk looks more healthy.
The nagaraja spits poison at you.
The splash of poison reflects off an invisible shield around you!
The splash of poison hits the nagaraja.
The naga warrior closely misses you.
The naga warrior hits you with a +0 dire flail!
* * * LOW HITPOINT WARNING * * *
The naga warrior constricts you.
* * * LOW HITPOINT WARNING * * *
You block the naga mage's attack.
The nagaraja hits you but does no damage.
The naga warrior's grasp on you weakens, but your attempt to escape fails.
You block the naga warrior's attack.
The nagaraja points at you and mumbles some strange words.
The poison arrow hits you!
You are lethally poisoned!
You partially resist.
You die...

.# #..# ### ##≈≈≈## ##..# ..##
##.≈≈≈.## # ##...# ...#
###.......###. #..... ...#
.............#. #..... ...##
.#.........#... ##....# ....##
.......NN....# ##.o.o.# ...oo##
#.../)†NN.# ###.......
..oooo##### ##+#@## ####....###..
.ooo...o..###..ooo###.......####.
#######o.##...≈≈)o..##......#....
#..#'.##o#.#..≈≈≈..#.#...........
.......'.#.#..≈≈≈..#.#...##'#####
.#..'#.#.#.#..≈≈≈..#.#...#oo.#.#.
########.##...)≈≈...##..##o.oo...
..........###.)...####..#.o......
.....(.....###')'## ##.#........


You could see 2 naga warriors, a nagaraja (fast, catching breath, ally target),
a naga mage (strong), the friendly Borgk the orc warlord, the friendly Bolgrim
the orc knight (strong), the friendly Morun the orc knight (strong) and a
friendly orc sorcerer (strong, invisible).

Vanquished Creatures
  Mara (Snake:4)
  Kirke (Snake:1)
  2 nagarajas
  Aizul (Lair:4)
  3 eleionomae
  2 bunyips (Swamp:3)
  A red draconian (Volcano)
  A shambling mangrove (Swamp:4)
  2 fire dragons (D:15)
  A yaktaur captain (D:13)
  A boulder beetle (D:15)
  A salamander tyrant (Snake:3)
  6 naga warriors
  15 hydras
  4 centaur warriors
  2 catoblepae
  5 anacondas
  3 alligators
  5 two-headed ogres
  2 tengu warriors
  Urug (Lair:4)
  9 shock serpents
  2 spriggan berserkers
  3 death yaks (D:10)
  3 naga sharpshooters
  3 skeletal warriors
  2 goliath frogs
  3 salamander mystics
  6 sea snakes
  4 bog bodies
  4 spriggan druids
  3 naga ritualists
  A lindwurm (Lair:6)
  5 swamp dragons (Swamp:4)
  Pikel (D:8)
  3 deep elf pyromancers
  9 mana vipers
  An orc knight (Orc:2)
  2 cyclopes
  2 will-o-the-wisps
  2 ugly things
  10 salamanders
  A torpor snail (Lair:6)
  8 naga magi
  3 elephants (Lair:5)
  21 black mambas
  A guardian serpent (Snake:4)
  Joseph (D:8)
  2 molten gargoyles (Volcano)
  2 gargoyles
  4 komodo dragons
  5 cane toads
  2 rime drakes
  An unseen horror (D:11)
  6 yaktaurs
  A tengu conjurer (D:14)
  A freezing wraith (D:14)
  6 trolls
  A polar bear (Lair:5)
  9 hornets
  A slime creature (D:14)
  4 tyrant leeches
  3 blink frogs
  A shadow (D:12)
  4 wyverns
  A vampire (D:14)
  8 spriggans
  34 yaks
  4 hogs (Snake:1)
  2 fire bats (Volcano)
  3 steam dragons
  A basilisk (D:15)
  10 vampire mosquitoes
  Menkaure (Ossuary)
  18 nagas
  12 swamp worms
  7 water moccasins
  3 sky beasts
  5 swamp drakes
  13 orc warriors
  3 ogres
  7 ice beasts
  A necrophage (D:6)
  A hornet zombie (D:9)
  9 wolves
  13 centaurs
  A lemure (D:8)
  A phantom (D:6)
  3 kobold brigands
  7 bullfrogs
  A wyvern zombie (D:7)
  A gnoll sergeant (D:9)
  A water moccasin zombie (D:6)
  3 scorpions (D:6)
  A wyvern skeleton (D:6)
  14 killer bees
  3 spriggan skeletons (D:14)
  10 wights
  A howler monkey (shapeshifter) (D:14)
  5 howler monkeys
  6 electric eels
  A troll skeleton (D:14)
  8 lava snakes
  2 bullfrog skeletons (D:6)
  5 centaur zombies
  5 orc priests
  A centaur skeleton (D:6)
  4 gnoll shamans
  5 hounds
  Jessica (D:3)
  3 iguanas
  A scorpion zombie (D:5)
  4 orc wizards
  3 killer bee zombies
  3 mummies (Ossuary)
  19 gnolls
  2 howler monkey skeletons
  2 howler monkey zombies
  2 adders
  A shadow imp (D:5)
  A white imp (D:6)
  An ufetubus (D:5)
  An adder zombie (D:5)
  A worm (D:5)
  4 dart slugs
  28 orcs
  5 bats
  8 endoplasms
  4 giant cockroaches
  2 gnoll zombies (Ossuary)
  11 goblins
  8 hobgoblins
  36 kobolds
  4 quokkas
  8 ball pythons
  A frilled lizard (D:2)
  4 gnoll skeletons (Ossuary)
  3 goblin skeletons (Ossuary)
  3 goblin zombies (Ossuary)
  6 hobgoblin skeletons (Ossuary)
  3 hobgoblin zombies (Ossuary)
  3 kobold skeletons (Ossuary)
  6 kobold zombies (Ossuary)
  6 orc skeletons (Ossuary)
  5 orc zombies (Ossuary)
  7 rats
  3 rat skeletons (Ossuary)
  6 rat zombies (Ossuary)
  5 briar patches (Swamp:4)
  5 bushes
  13 fungi
  32 plants
745 creatures vanquished.

Vanquished Creatures (collateral kills)
  Bai Suzhen (Snake:4)
  Jorgrun (D:14)
  An orc warlord (Swamp:4)
  A thorn hunter (Swamp:4)
  Roxanne (Snake:4)
  Donald (Snake:4)
  Louise (Snake:4)
  4 eleionomae
  5 bunyips
  Snorg (Lair:6)
  2 shambling mangroves
  A rakshasa (D:15)
  13 hydras
  5 anacondas
  A merfolk avatar (Lair:6)
  3 boulder beetles
  An ogre mage (D:15)
  A centaur warrior (D:14)
  4 alligators
  2 two-headed ogres (D:15)
  2 naga sharpshooters (Snake:3)
  5 skeletal warriors
  4 sea snakes
  A salamander mystic (Snake:1)
  5 spriggan druids
  2 goliath frogs
  6 bog bodies
  A naga ritualist (Snake:3)
  7 swamp dragons
  2 salamanders
  5 ugly things
  4 mana vipers
  5 will-o-the-wisps
  9 elephants
  2 guardian serpents
  A centaur zombie (D:10)
  11 black mambas
  A naga mage (Snake:4)
  8 cane toads
  5 rime drakes (Lair:6)
  A kobold demonologist (D:11)
  2 unseen horrors
  8 komodo dragons
  2 tengu conjurers (D:14)
  A troll (D:10)
  3 polar bears
  A wind drake (Lair:6)
  2 tyrant leeches
  11 hornets
  3 slime creatures (D:14)
  7 blink frogs
  A snapping turtle (Lair:6)
  A vampire (D:12)
  35 yaks
  3 wyverns
  A hog (shapeshifter) (D:13)
  6 spriggans
  A hog (Snake:1)
  5 vampire mosquitoes
  4 basilisks
  8 nagas
  9 swamp worms
  6 water moccasins
  4 swamp drakes
  7 orc warriors (Orc:2)
  10 wolves
  2 ogres (D:15)
  9 centaurs
  4 bullfrogs
  A gnoll sergeant (D:10)
  2 electric eels (Snake:3)
  2 spriggan skeletons (D:14)
  A lava snake (D:15)
  2 orc wizards
  A gnoll (D:10)
  9 orcs
  A briar patch (Swamp:4)
  23 bushes
  24 fungi
  44 plants
403 creatures vanquished.

Vanquished Creatures (others)
  An orc high priest (Snake:4)
  16 orc knights
  An orc sorcerer (Lair:2)
  9 orc warriors
  A hornet (Swamp:3)
  A necrophage (D:6)
  6 orc priests
  An iguana (D:6)
  6 orc wizards
  22 orcs
  A giant cockroach (D:1)
  A fire vortex (D:15)
  44 foxfires
  116 fungi
  355 plants
581 creatures vanquished.

Grand Total: 1729 creatures vanquished

Notes
Turn   | Place    | Note
-------+----------+-------------------------------------------
     0 | D:1      | Johann the Hill Orc Fighter began the quest for the Orb.
     0 | D:1      | Reached XP level 1. HP: 19/19 MP: 1/1
    93 | D:1      | Found a faded altar of an unknown god.
   195 | D:1      | Reached XP level 2. HP: 24/27 MP: 2/2
   636 | D:1      | Reached skill level 4 in Fighting
   636 | D:1      | Reached XP level 3. HP: 33/33 MP: 3/3
  1324 | D:2      | Found Weniberr's Jewellery Shoppe.
  1991 | D:3      | Reached XP level 4. HP: 39/40 MP: 4/4
  2290 | D:3      | Noticed Jessica
  2296 | D:3      | Killed Jessica
  2702 | D:4      | Found a sand-covered staircase.
  2732 | D:4      | Identified the +8 whip of Rotation {spect, rElec Will+
                  | Int+2 Dex-4}
  2748 | Ossuary  | Entered an ossuary
  2904 | Ossuary  | Reached XP level 5. HP: 47/47 MP: 5/5
  3266 | Ossuary  | Reached skill level 5 in Axes
  3274 | Ossuary  | Noticed Menkaure
  3285 | Ossuary  | Killed Menkaure
  3286 | Ossuary  | Reached XP level 6. HP: 30/53 MP: 6/6
  4727 | D:4      | Reached XP level 7. HP: 30/60 MP: 7/7
  5269 | D:5      | Entered Level 5 of the Dungeon
  5378 | D:5      | Found an ancient bone altar of Kikubaaqudgha.
  5564 | D:5      | Reached skill level 5 in Fighting
  5564 | D:5      | Reached skill level 5 in Armour
  6310 | D:6      | Became a worshipper of Beogh the Brigand
  6531 | D:6      | Reached XP level 8. HP: 66/69 MP: 8/8
  6727 | D:6      | Reached skill level 6 in Fighting
  6918 | D:6      | Reached skill level 5 in Shields
  7064 | D:6      | Identified the +1 chain mail of Dawn {rF+}
  7203 | D:6      | Reached * piety under Beogh
  7215 | D:6      | Reached skill level 10 in Axes
  7844 | D:6      | Found a staircase to the Ecumenical Temple.
  7863 | D:6      | Reached XP level 9. HP: 73/78 MP: 9/9
  7898 | Temple   | Entered the Ecumenical Temple
  8488 | D:6      | Found a runed translucent gate.
  8489 | D:6      | Found a runed translucent gate.
  8490 | D:6      | Found a runed translucent gate.
  8491 | D:6      | Found an opulent altar of Gozag.
  8492 | D:6      | Noticed Heedrag's ghost (novice MiFi)
  8493 | D:6      | Noticed a troll
  8493 | D:6      | Noticed a skeletal warrior
 10082 | D:7      | Reached skill level 7 in Fighting
 10082 | D:7      | Reached skill level 1 in Invocations
 10452 | D:8      | Noticed Joseph
 10453 | D:8      | Found Pikhoelupi's Assorted Antiques.
 10465 | D:8      | Killed Joseph
 10675 | D:8      | Noticed Pikel
 10685 | D:8      | Killed Pikel
 10685 | D:8      | Reached ** piety under Beogh
 10686 | D:8      | Reached skill level 10 in Armour
 10686 | D:8      | Reached XP level 10. HP: 81/88 MP: 10/12
 10748 | D:8      | Found a flagged portal.
 10779 | Bailey   | Entered a bailey
 11070 | Bailey   | Noticed an orc knight
 11237 | Bailey   | HP: 4/88 [orc warrior (14)]
 11537 | Bailey   | Identified the +1 steam dragon scales "Azuf" {rElec}
 11806 | D:8      | Reached skill level 8 in Fighting
 12174 | D:8      | Bought a scroll of identify for 40 gold pieces
 12174 | D:8      | Bought a scroll labelled XEOBLOOGOH for 20 gold pieces
 12174 | D:8      | Bought a potion of curing for 60 gold pieces
 12972 | D:9      | Reached *** piety under Beogh
 13764 | D:9      | Found a runed translucent gate.
 13764 | D:9      | Found a runed translucent gate.
 13764 | D:9      | Found a runed translucent gate.
 13764 | D:9      | Noticed Ma1vorus's ghost (novice MiBe)
 13764 | D:9      | Noticed a spectral centaur warrior
 13851 | D:9      | Upgraded the game from 0.28-a0-1202-g1e6f1b2279 to
                  | 0.28-a0-1212-gc6b4282bc0
 14049 | D:9      | Reached skill level 9 in Fighting
 14049 | D:9      | Reached XP level 11. HP: 97/97 MP: 14/14
 14510 | D:10     | Entered Level 10 of the Dungeon
 14553 | D:10     | Found a staircase to the Lair.
 14553 | D:10     | Noticed a death yak
 14553 | D:10     | Noticed a death yak
 14554 | D:10     | Noticed a death yak
 14560 | D:10     | Killed a death yak
 14566 | D:10     | Killed a death yak
 14585 | D:10     | Killed a death yak
 14586 | D:10     | Reached skill level 5 in Invocations
 14590 | D:10     | Gained Margrim as an ally
 15144 | D:10     | Reached **** piety under Beogh
 15564 | D:11     | Reached skill level 15 in Armour
 17021 | D:11     | Gained Borgk as an ally
 17030 | D:11     | Noticed a boulder beetle
 17046 | D:11     | Killed a boulder beetle
 17061 | D:11     | Noticed a two-headed ogre
 17069 | D:11     | Killed a two-headed ogre
 17070 | D:11     | Reached XP level 12. HP: 74/106 MP: 16/16
 17311 | D:11     | Found Xymn's Weapon Shop.
 17355 | D:11     | Noticed a centaur warrior
 17365 | D:11     | Killed a centaur warrior
 17369 | D:11     | Reached skill level 10 in Shields
 17577 | D:11     | Reached skill level 10 in Fighting
 18556 | D:12     | Identified the +4 falchion of Rubbish {drain, rF+}
 18639 | D:12     | Noticed a two-headed ogre
 18647 | D:12     | Killed a two-headed ogre
 18833 | D:12     | Noticed a two-headed ogre
 18846 | D:12     | Killed a two-headed ogre
 18866 | D:12     | HP: 4/106 [something (28)]
 19426 | D:12     | Found a staircase to the Orcish Mines.
 19636 | D:12     | Noticed a boulder beetle
 19674 | D:12     | Killed a boulder beetle
 20375 | D:13     | Noticed a yaktaur captain
 20377 | D:13     | Found a gate to the Vaults.
 20384 | D:13     | Killed a yaktaur captain
 20532 | D:13     | Noticed a two-headed ogre
 20541 | D:13     | Killed a two-headed ogre
 20610 | D:13     | Noticed a centaur warrior
 20619 | D:13     | Killed a centaur warrior
 21596 | D:13     | Noticed a catoblepas
 21620 | D:13     | Killed a catoblepas
 21920 | D:13     | Noticed a four-headed hydra
 21926 | D:13     | Killed a one-headed hydra
 21927 | D:13     | Reached XP level 13. HP: 110/115 MP: 18/18
 22379 | Lair:1   | Entered Level 1 of the Lair of Beasts
 23308 | Lair:1   | Reached skill level 11 in Fighting
 23310 | Lair:1   | Reached skill level 1 in Long Blades
 24093 | Lair:2   | Reached ***** piety under Beogh
 24097 | Lair:2   | Found a staircase to the Snake Pit.
 24167 | Lair:2   | Found a dark tunnel.
 24268 | Volcano  | Entered a volcano
 24740 | Volcano  | Found a radiant altar of Vehumet.
 25129 | Volcano  | Noticed a red draconian
 25137 | Volcano  | Killed a red draconian
 27621 | Lair:3   | Gained Bolgrim as an ally
 28906 | Lair:4   | Gained Bogdan as an ally
 28946 | Lair:4   | Reached skill level 12 in Fighting
 29059 | Lair:4   | Reached XP level 14. HP: 126/126 MP: 20/20
 29343 | Lair:4   | Identified 2 scrolls of acquirement {blinking}
 29343 | Lair:4   | Acquired 879 gold pieces
 29345 | Lair:4   | Acquired a manual of Dodging
 29435 | Lair:4   | Noticed Urug
 29465 | Lair:4   | Killed Urug
 29466 | Lair:4   | Reached skill level 1 in Dodging
 29951 | Lair:4   | Reached skill level 15 in Axes
 29989 | Lair:4   | Found a staircase to the Swamp.
 30970 | Lair:5   | Found the +14 obsidian axe {vorpal, Mesm Drain Fly SInv}
 31561 | Lair:6   | Entered Level 6 of the Lair of Beasts
 31615 | Lair:6   | Your ally Margrim died
 31821 | Lair:6   | Reached skill level 13 in Fighting
 31830 | Lair:6   | Identified the +7 trident of the Teeth {vorpal, Dex+4}
 31834 | Lair:6   | Reached ****** piety under Beogh
 32599 | Lair:6   | Found a runed translucent gate.
 32599 | Lair:6   | Found a runed translucent gate.
 32599 | Lair:6   | Found a runed translucent gate.
 32601 | Lair:6   | Noticed Vetuhose's ghost (journeyman MiFi)
 32633 | Lair:6   | Noticed Snorg
 32641 | Lair:6   | Killed Snorg
 33079 | Lair:6   | Found a runed translucent door.
 33212 | Lair:6   | Found a viscous altar of Jiyva.
 33212 | Lair:6   | Noticed an azure jelly
 33213 | Lair:6   | Found a staircase to the Slime Pits.
 33213 | Lair:6   | Noticed an azure jelly
 33294 | Lair:6   | Upgraded the game from 0.28-a0-1212-gc6b4282bc0 to
                  | 0.28-a0-1227-ga9037bb4c8
 38217 | D:14     | Reached skill level 14 in Fighting
 38510 | D:14     | Noticed Jorgrun
 38516 | D:14     | Killed Jorgrun
 38517 | D:14     | Reached XP level 15. HP: 114/138 MP: 21/21
 38885 | D:14     | Reached skill level 5 in Dodging
 39308 | D:14     | Acquired a manual of Slings
 39561 | D:15     | Entered Level 15 of the Dungeon
 39609 | D:15     | Found a hazy altar of Hepliaklqana.
 39710 | D:15     | Reached skill level 15 in Fighting
 39712 | D:15     | Your ally Bolgrim died
 40602 | D:15     | Found a staircase to the Depths.
 40881 | D:15     | Reached skill level 15 in Shields
 41474 | Orc:1    | Entered Level 1 of the Orcish Mines
 41490 | Orc:1    | Found a roughly hewn altar of Beogh.
 42110 | Orc:2    | Entered Level 2 of the Orcish Mines
 42837 | Orc:2    | Found a staircase to the Elven Halls.
 42934 | Orc:2    | Found Okkossoh's Antique Armour Boutique.
 42934 | Orc:2    | Found Leheuq's Weapon Emporium.
 42936 | Orc:2    | Found Loetah's Antique Weapon Shoppe.
 42938 | Orc:2    | Found Oxe Nuboaro's Antique Weapon Shop.
 44304 | Swamp:1  | Entered Level 1 of the Swamp
 44304 | Swamp:1  | Noticed Aizul
 44635 | Lair:4   | Reached skill level 16 in Fighting
 44640 | Lair:4   | Killed Aizul
 47011 | Swamp:2  | Reached XP level 16. HP: 139/152 MP: 22/22
 48262 | Swamp:3  | Reached skill level 17 in Fighting
 48270 | Swamp:3  | Gained Bolgrim as an ally
 48317 | Swamp:3  | Your ally Bolgrim died
 48317 | Swamp:3  | Your ally Bolgrim died
 48891 | Swamp:3  | Found a runed translucent door.
 48894 | Swamp:3  | Noticed FDRCH's ghost (adept DECj)
 49281 | Swamp:3  | Gained mutation: Your flesh is heat resistant. (rF+)
                  | [potion of mutation]
 49281 | Swamp:3  | Gained mutation: You have large cloven feet. [potion of
                  | mutation]
 49282 | Swamp:3  | Lost mutation: You have large cloven feet. [potion of
                  | mutation]
 49282 | Swamp:3  | Lost mutation: Your flesh is heat resistant. (rF+) [potion
                  | of mutation]
 49282 | Swamp:3  | Gained mutation: Your system is resistant to poisons.
                  | (rPois) [potion of mutation]
 49284 | Swamp:4  | Entered Level 4 of the Swamp
 49290 | Swamp:4  | Gained Bogbarth as an ally
 49841 | Swamp:4  | Reached skill level 18 in Fighting
 50684 | Swamp:4  | Your ally Bogdan died
 50690 | Swamp:4  | Reached skill level 19 in Fighting
 50943 | Swamp:4  | Noticed a thorn hunter
 50957 | Swamp:4  | Killed a thorn hunter
 51400 | Swamp:4  | Got a decaying rune of Zot
 51615 | Swamp:4  | Upgraded the game from 0.28-a0-1227-ga9037bb4c8 to
                  | 0.28-a0-1233-g92def6ad0a
 52622 | Snake:1  | Entered Level 1 of the Snake Pit
 52900 | Snake:1  | Reached XP level 17. HP: 153/168 MP: 16/23
 53192 | Snake:1  | Got the Guide on Entrancing Calling
 53436 | Snake:1  | Noticed Kirke
 53449 | Snake:1  | Killed Kirke
 53880 | Snake:1  | You fall into a shaft and drop 1 floor!
 53935 | Snake:2  | Found a sparkling altar of Nemelex Xobeh.
 56300 | Snake:2  | Reached skill level 20 in Fighting
 56948 | Snake:3  | Gained Spirok as an ally
 57595 | Snake:3  | Identified the +2 pair of gloves "Enorreni" {rN+}
 58255 | Snake:3  | Gained Morun as an ally
 59558 | Snake:4  | Entered Level 4 of the Snake Pit
 59559 | Snake:4  | Identified Roxanne's Disquisition on Stones
 59559 | Snake:4  | Noticed Roxanne
 59673 | Snake:4  | Noticed Louise
 60217 | Snake:4  | Killed Louise
 60498 | Snake:4  | Noticed Bai Suzhen
 60552 | Snake:4  | Killed Bai Suzhen
 60731 | Snake:4  | Killed Roxanne
 60795 | Snake:4  | Killed Donald
 62366 | Snake:4  | Noticed Mara
 62384 | Snake:4  | Noticed Johann's illusion
 62388 | Snake:4  | Your ally Bogbarth died
 62389 | Snake:4  | Your ally Spirok died
 62392 | Snake:4  | Killed Mara
 62396 | Snake:4  | Reached XP level 18. HP: 59/180 MP: 24/24
 62802 | Snake:4  | Reached skill level 21 in Fighting
 62802 | Snake:4  | Reached skill level 10 in Dodging
 62806 | Snake:4  | Your ally Spirok died
 62823 | Snake:4  | HP: 7/182 [naga warrior (16)]
 62824 | Snake:4  | Killed from afar by a nagaraja

Illustrated notes

Levels and vault maps discovered:
D:1:      sevenhm_arrival_forest_fort_small_5, layout_basic,
          basic_ecumenical_altar, minmay_stone_trees_medium
D:2:      layout_loops_ring, serial_shops, shop
D:3:      layout_rooms, uniq_jessica
D:4:      layout_layer_cave, nicolae_ossuary_entry_monument
D:5:      layout_basic, overflow_temple_1_default, minmay_misc_feat_rows,
          minmay_misc_feat_square
D:6:      kennysheep_kobold_camp, layout_cave_pools,
          minmay_temple_entry_drinking_statues, ebering_ghost_gozag,
          minmay_starry_boxes
D:7:      layout_loops_corners
D:8:      layout_basic, enter_bailey_4, serial_shops, shop_statue, uniq_pikel,
          uniq_joseph
D:9:      layout_big_octagon, gammafunk_ghost_necromancy, worms_lemuel
D:10:     layout_basic, dpeg_lair_monsters
D:11:     minmay_ice_pillars, layout_irregular_city, serial_shops,
          nicolae_shop_hallway_plus
D:12:     layout_loops_cross, hiddenorc1_lemuel, serial_glass, glass_columns_c,
          glass_columns_a, glass_columns_c, glass_columns_a, glass_columns_c
D:13:     layout_roguey, david_vaults_2
D:14:     layout_stronghold, kennysheep_small_spiral, hangedman_tell_no_tales,
          uniq_jorgrun
D:15:     grunt_enter_depths_hoard, layout_basic,
          nicolae_hepliaklqana_hazy_memory
Temple:   mainiacjoe_temple_archimedes_tessellation
Lair:1:   layout_cave_pods
Lair:2:   layout_gridlike, minmay_snake_entry_guardpost_medium,
          nicolae_volcano_entry_lava_flow, lemuel_fruit_fields
Lair:3:   layout_regular_city, hibernation_bobbens, serial_bayou_shore_a,
          serial_bayou_shore_b, grunt_megastairs_4
Lair:4:   layout_regular_city, palyth_hydra_swamp_entry, minivault_11, uniq_urug
Lair:5:   layout_roguey, dreamdust_deal_with_the_devil
Lair:6:   gammafunk_lair_ancient_temple, layout_long_grid, slime_altar_2,
          ebering_ghost_rock_garden, uniq_snorg
Swamp:1:  layout_basic_swamp, evilmike_swamp_ruin_house_3, uniq_aizul
Swamp:2:  layout_basic_swamp, hangedman_swamp_ruin_wall,
          infiniplex_staircase_pool
Swamp:3:  layout_falls_marsh, ebering_ghost_reflecting_pool,
          evilmike_swamp_ruin_house_5
Swamp:4:  swamp_basic_johnstein, layout_basic_swamp
Snake:1:  layout_gridlike, serial_bayou_shore_b, uniq_kirke
Snake:2:  layout_chambers, basic_altar
Snake:3:  layout_onion_interference, nicolae_snake_gridmaze_spiral,
          nicolae_snake_bzzzt
Snake:4:  grunt_snake_rune_pools, layout_cave_town, serial_bayou,
          serial_bayou_pond_c, serial_bayou_shore_b, serial_bayou_crossing,
          serial_bayou_lagoon_a, nicolae_snake_double_loop, uniq_mara,
          uniq_roxanne, uniq_bai_suzhen, uniq_louise, uniq_donald
Orc:1:    layout_diamond_mine, basic_altar
Orc:2:    st_orc_rangers, layout_caves

Skill      XL: |  1  2  3  4  5  6  7  8  9 10 11 12 13 14 15 16 17 18 |
---------------+-------------------------------------------------------+-----
Axes           | 3 4 6 7 8 10 11 12 13 14 16 17 18 19 | 19.3
Fighting       | 4 5 6 7 9 10 12 14 16 19 20 21 | 21.0
Armour         | 4 5 7 10 13 15 17 18 | 18.0
Shields        | 4 5 6 7 9 11 13 14 15 17 19 | 19.4
Invocations    | 2 4 6 7 8 9 |  9.0
Long Blades    | 1 |  1.4
Dodging        | 4 7 8 9 10 | 10.0

Action                   |  1- 3 |  4- 6 |  7- 9 | 10-12 | 13-15 | 16-18 || total
-------------------------+-------+-------+-------+-------+-------+-------++-------
Melee: War axe           |    41 |       |       |       |       |       ||    41
       Hand axe          |    52 |   135 |   253 |       |    23 |       ||   463
       Whip              |       |       |    86 |   515 |   168 |       ||   769
       Long sword        |       |       |       |     4 |   125 |       ||   129
       Broad axe         |       |       |       |       |  1407 |   771 ||  2178
Invok: Convert to Beogh  |       |       |     1 |       |       |       ||     1
       Recall Orcish Fol |       |       |       |     1 |     8 |     2 ||    11
       Give Item to Name |       |       |       |       |     1 |       ||     1
       Resurrection      |       |       |       |       |     1 |     2 ||     3
Evoke: Wand              |       |       |       |     2 |     5 |       ||     7
  Use: Potion            |       |       |     1 |     7 |     6 |    14 ||    28
       Scroll            |       |       |     9 |     5 |    14 |    15 ||    43
 Stab: Distracted        |       |       |       |     5 |    12 |     5 ||    22
       Confused          |       |       |       |     1 |       |     1 ||     2
Armor: Scale mail        |    46 |       |       |       |       |       ||    46
       Chain mail        |     9 |    54 |   151 |   199 |    24 |       ||   437
       Plate armour      |       |       |       |   256 |   405 |   226 ||   887
Dodge: Dodged            |    59 |    48 |    86 |   291 |   214 |   155 ||   853
Block: Buckler           |    25 |    28 |    44 |   299 |   305 |       ||   701
       Reflection        |       |       |       |    17 |    52 |    39 ||   108
       Kite shield       |       |       |       |       |   303 |   556 ||   859

Table legend: (Time is in decaauts)
 A = Elapsed time spent in this place.
 B = Non-inter-level travel time spent in this place.
 C = Inter-level travel time spent in this place.
 D = Time resting spent in this place.
 E = Time spent auto-exploring this place.
 F = Levels seen in this place.
 G = Mean time per level.
                   A        B        C        D        E       F      G
               +--------+--------+--------+--------+--------+-----+--------+
         Total |  62343 |  59315 |   3028 |  17856 |  13007 |  35 | 1781.2 |
       Dungeon |  23550 |  22063 |   1487 |   5257 |   6131 |  15 | 1570.0 |
        Temple |    261 |    232 |     29 |      0 |    190 |   1 |  261.0 |
          Lair |  14885 |  13934 |    951 |   2712 |   3536 |   6 | 2480.8 |
         Swamp |   7369 |   7165 |    204 |   3346 |    815 |   4 | 1842.2 |
     Snake Pit |  10043 |   9736 |    307 |   4523 |   1550 |   4 | 2510.8 |
  Orcish Mines |   2625 |   2577 |     48 |   1000 |    617 |   2 | 1312.5 |
       Ossuary |   1384 |   1384 |      0 |    144 |      0 |   1 | 1384.0 |
        Bailey |    988 |    988 |      0 |    459 |     26 |   1 |  988.0 |
       Volcano |   1234 |   1234 |      0 |    415 |    142 |   1 | 1234.0 |
               +--------+--------+--------+--------+--------+-----+--------+

Top non-repeatable levels by time:
  Lair:4: 3424 daAuts
    D:11: 3082 daAuts
 Snake:3: 3043 daAuts
 Snake:4: 2729 daAuts
  Lair:2: 2653 daAuts
 Swamp:4: 2557 daAuts
  Lair:6: 2548 daAuts
  Lair:3: 2475 daAuts
     D:6: 2425 daAuts
 Snake:2: 2250 daAuts
  Lair:1: 2096 daAuts
    D:13: 2066 daAuts
 Snake:1: 2019 daAuts
   Orc:2: 1978 daAuts
 Swamp:1: 1954 daAuts
